 Dungeon Crawl Stone Soup version 0.29-a0-520-gc852659d43 (webtiles) character file.

Game seed: 9956199996899636116

275970 Pooter the Warrior (level 20, 0/189 HPs)
             Began as a Minotaur Berserker on May 30, 2022.
             Was a High Priest of Trog.
             Killed from afar by a merfolk aquamancer (24 damage)
             ... with a shard of ice
             ... on level 4 of the Shoals on May 31, 2022.
             The game lasted 04:15:28 (37226 turns).

Pooter the Warrior (Minotaur Berserker)            Turns: 37226, Time: 04:15:29

Health: 0/189      AC: 28    Str: 37    XL:     20   Next: 25%
Magic:  10/10      EV: 14    Int: 14    God:    Trog [*****.]
Gold:   270        SH: 18    Dex: 16    Spells: 19/19 levels left

rFire   + + +      SeeInvis +   a - +8 war axe of the Magi {holy, Stlth+}
rCold   . . .      Faith    .   T - +0 kite shield
rNeg    + . .      Spirit   .   Z - +1 plate armour of Dramatic Exits {rF+ rN+ Regen+ MP-9}
rPois   .          Reflect  +   L - +3 crown of Dyrovepreva {rElec Int+2 SInv}
rElec   +          Harm     .   m - +1 cloak of the Journeyman {Fly Int+6}
rCorr   .          Rampage  .   W - +0 pair of gloves {hurl}
Will    +....      Clarity  +   M - +2 pair of boots
Stlth   +++.......              l - amulet of Xuhojoe {Reflect rF+++ Int-3 Slay+6 SH+5 Stlth+}
HPRegen 1.21/turn               H - +6 ring of strength
MPRegen 0.12/turn               p - ring "Syacoxam" {Str+6 Int+3 Dex+2 Slay+3}

@: on berserk cooldown, flying, hasted and slowed
A: horns 2, retaliatory headbutt, fangs 1, clarity
a: Renounce Religion, Berserk, Trog's Hand, Brothers in Arms


You were on level 4 of the Shoals.
You worshipped Trog.
Trog was extremely pleased with you.
You visited 5 branches of the dungeon, and saw 30 of its levels.
You also visited: Sewer.

You collected 3802 gold pieces.
You spent 3532 gold pieces at shops.

Inventory:

Hand Weapons
 a - the +8 war axe of the Magi (weapon) {holy, Stlth+}
   (You found it on level 6 of the Dungeon)

   It has been blessed by the Shining One to cause great damage to the undead
   and demons.
   Stlth:     It makes you more stealthy.
 b - a +9 hand crossbow of flaming
   (You took it off a kobold in a sewer)
 o - a +2 antimagic demon trident
   (You took it off a merfolk impaler on level 1 of the Shoals)
 O - a +6 war axe of flaming
   (You took it off a deep elf elementalist on level 3 of the Elven Halls)
Missiles
 j - 3 curare-tipped darts
 z - 4 datura-tipped darts
 A - 2 silver javelins
 P - 6 javelins
 X - 26 boomerangs (quivered)
 Y - 17 silver boomerangs
Armour
 m - the +1 cloak of the Journeyman (worn) {Fly Int+6}
   (You bought it in a shop on level 1 of the Orcish Mines)

   Int:       It affects your intelligence (+6).
   Fly:       It grants you flight.
 L - the +3 crown of Dyrovepreva (worn) {rElec Int+2 SInv}
   (You found it on level 3 of the Elven Halls)

   Int:       It affects your intelligence (+2).
   rElec:     It insulates you from electricity.
   SInv:      It lets you see invisible.
 M - a +2 pair of boots (worn)
   (You found it on level 7 of the Dungeon)
 T - a +0 kite shield (worn)
   (You took it off a gnoll sergeant on level 9 of the Dungeon)
 W - a +0 pair of gloves of hurling (worn)
   (You found it on level 3 of the Elven Halls)
 Z - the +1 plate armour of Dramatic Exits (worn) {rF+ rN+ Regen+ MP-9}
   (You bought it in a shop on level 2 of the Orcish Mines)

   rF:        It protects you from fire.
   rN:        It protects you from negative energy.
   MP:        It affects your magic capacity (-9).
   Regen:     It increases your rate of health regeneration.
Jewellery
 i - an amulet of regeneration
   (You took it off an orc on level 11 of the Dungeon)
 l - the amulet of Xuhojoe (around neck) {Reflect rF+++ Int-3 Slay+6 SH+5 Stlth+}
   (You bought it in a shop on level 7 of the Dungeon)

   [amulet of reflection]

   It reflects blocked missile attacks.
   Int:       It affects your intelligence (-3).
   Slay:      It affects your accuracy & damage with ranged weapons and melee
   (+6).
   rF:        It renders you almost immune to fire.
   SH:        It affects your SH (+5).
   Stlth:     It makes you more stealthy.
 p - the ring "Syacoxam" (right hand) {Str+6 Int+3 Dex+2 Slay+3}
   (You acquired it on level 8 of the Dungeon)

   [ring of strength]

   Str:       It affects your strength (+6).
   Int:       It affects your intelligence (+3).
   Dex:       It affects your dexterity (+2).
   Slay:      It affects your accuracy & damage with ranged weapons and melee
   (+3).
 F - a ring of protection from fire
   (You found it on level 2 of the Shoals)
 H - a +6 ring of strength (left hand)
   (You found it on level 5 of the Lair of Beasts)
 S - a ring of see invisible
   (You took it off a deep elf blademaster on level 2 of the Elven Halls)
Wands
 c - a wand of mindburst (25)
   (You took it off an orc on level 8 of the Dungeon)
 d - a wand of iceblast (2)
   (You found it on level 3 of the Elven Halls)
 f - a wand of flame (61)
   (You found it on level 2 of the Lair of Beasts)
 u - a wand of paralysis (7)
   (You found it on level 7 of the Dungeon)
 x - a wand of acid (4)
   (You found it on level 1 of the Elven Halls)
 D - a wand of digging (28)
   (You found it on level 9 of the Dungeon)
Scrolls
 e - 2 scrolls of vulnerability {!r}
 n - 2 scrolls of summoning
 q - 2 scrolls of fear
 r - 3 scrolls of magic mapping
 s - 6 scrolls of poison {!r}
 t - 14 scrolls of teleportation {@r4}
 w - 4 scrolls of fog
 B - 2 scrolls of silence
 G - a scroll of immolation {!r}
 N - 2 scrolls of blinking
 R - 2 scrolls of brand weapon
Potions
 g - 13 potions of curing {@q1}
 h - 10 potions of heal wounds {@q2}
 v - 3 potions of invisibility
 y - 8 potions of lignification {!q}
 C - 5 potions of might
 E - 4 potions of attraction {!q}
 I - 2 potions of mutation {!q}
 J - 4 potions of cancellation
 K - 2 potions of haste {@q3}
 U - a potion of ambrosia
Miscellaneous
 k - a condenser vane
   (You found it on level 3 of the Elven Halls)
 Q - a tin of tremorstones (2/2)
   (You found it on level 3 of the Elven Halls)
 V - a box of beasts
   (You found it on level 15 of the Dungeon)


   Skills:
 + Level 18.3 Fighting
 + Level 16.5(16.8) Axes
 - Level 4.9(11.8) Polearms
 + Level 10.9 Crossbows
 - Level 9.8 Throwing
 + Level 14.3 Armour
 - Level 12.5 Dodging
 + Level 11.3 Stealth
 + Level 13.3 Shields
 - Level 11.7 Evocations


You had 19 spell levels left.
You didn't know any spells.
Your spell library was empty.

Dungeon Overview and Level Annotations

Branches:
Dungeon (15/15)            Temple (0/1) D:4            Lair (6/6) D:10
 Shoals (4/4) Lair:2        Snake (0/4) Lair:4        Slime (0/5) Lair:5
    Orc (2/2) D:11            Elf (3/3) Orc:2        Vaults (0/5) D:14
 Depths (0/4) D:15          Sewer (visited)

Altars:
Elyvilon
Fedhas
Gozag
Hepliaklqana
Kikubaaqudgha
Makhleb
Nemelex Xobeh
Ru
Trog
Uskayaw
The Shining One
Beogh

Shops:
D:7 =   D:8 **   Orc:1 *   Orc:2 (*=[   Elf:1 ?

Portals:
Hell: Lair:6
Trove: D:15 (give 10 potions of heal wounds)

Annotations:
D:6 1 runed translucent door, Crazy Yiuf
D:15 3 runed translucent doors, jfcaron's ghost, adept GnAr
Elf:2 3 runed translucent doors


Innate Abilities, Weirdness & Mutations

You have a pair of horns on your head.
You reflexively headbutt those who attack you in melee.
You have very sharp teeth.
You possess an exceptional clarity of mind.


Message History

Things that are here:
a +0 trident; a throwing net {!f}
Things that are here:
a +0 trident; a merfolk corpse
Found a box of beasts.
You start resting.
A frost giant is nearby!
A red film seems to cover your vision as you go berserk!
You feel yourself moving faster!
You feel mighty!
You chop the frost giant into pieces!!! You hit the frost giant.
The frost giant hits you with a +1 battleaxe of freezing!
* * * LOW HITPOINT WARNING * * *
The frost giant freezes you.
* * * LOW HITPOINT WARNING * * *
You slice the frost giant!! You headbutt the frost giant!
The frost giant points at you and mumbles some strange words.
The bolt of cold hits you!!!
* * * LOW HITPOINT WARNING * * *
You slice the frost giant!!
You kill the frost giant!
Trog accepts your kill.
Trog appreciates your killing of a magic user.
You start resting.
You feel a strong urge to attack something.
You start resting.
You feel your anger nearly subside.
Unknown command.
You start resting.
You are no longer berserk.
You are exhausted.
You feel yourself slow down.
A merfolk aquamancer comes into view. It is wielding a +0 rapier.
The merfolk aquamancer shouts!
The dream sheep bleats!
You hear an angry hiss.
Okay, then.
You fail to use your ability.
The dream sheep bleats!
The merfolk aquamancer gestures at you while chanting.
The shard of ice hits you!!
* * * LOW HITPOINT WARNING * * *
A snapping turtle comes into view.
As you read the scroll of summoning, it crumbles to dust.
Wisps of shadow whirl around you...
You block the merfolk aquamancer's attack.
Your merfolk impaler hits the merfolk aquamancer from afar with a +5 trident!!
You slash the dream sheep! You headbutt the dream sheep.
You slice the merfolk aquamancer!!
The merfolk aquamancer points at you and mumbles some strange words.
The shard of ice hits you!!
You die...

≈≈≈≈≈≈≈≈≈≈≈≈≈)≈)≈≈≈≈≈≈≈≈≈≈≈≈≈
≈≈..)≈≈≈≈.≈≈))≈≈≈≈)≈≈≈≈≈≈≈≈≈≈
≈.......†..)≈≈≈≈≈≈≈≈≈≈≈≈≈≈≈≈≈
.........)..†≈≈≈≈≈≈≈≈≈≈≈≈≈≈≈≈
......≈.#≈(##.m≈≈≈≈≈≈≈≈≈≈≈≈≈≈
.....)#######.H.≈≈≈≈≈≈≈≈≈≈≈≈≈
.....#).##≈..#mmm≈≈≈≈≈≈≈≈≈...
.....#...≈...##≈≈≈≈≈≈≈≈≈≈....
.....##.#.#.###m@.m.≈≈≈≈...
....≈##≈.}.≈##≈≈Y.....≈≈...
..≈.###.#.#.###≈≈<....≈≈...
≈... #...≈...#≈≈Y†t#.≈≈≈≈
.... ##.#.≈.##≈≈≈≈≈≈≈≈≈≈≈
#######≈≈≈≈≈≈≈≈m≈≈)
#≈≈≈≈≈≈≈≈≈≈.. ≈≈≈≈≈≈≈≈≈≈≈≈..
≈PPP≈≈P≈≈≈Y≈≈..


You could see a merfolk aquamancer (ally target), a snapping turtle, 2 dream
sheep, a friendly merfolk impaler (summoned), 4 friendly merfolk and a friendly
manticore (summoned).

Vanquished Creatures
  Mara (Shoals:3)
  Bai Suzhen (Elf:3)
  Nikola (Elf:1)
  4 deep elf blademasters
  2 deep elf master archers (Elf:3)
  A kraken (Shoals:3)
  Gastronok (D:8)
  Roxanne (Elf:1)
  A frost giant (Shoals:4)
  7 deep elf sorcerers
  The ghost of SirDiesAlot the Eclecticist, an adept DECj of Vehumet (Shoals:1)
  An orc warlord (Orc:2)
  7 deep elf elementalists
  A very ugly thing (D:15)
  2 deep elf demonologists (Elf:3)
  6 deep elf annihilators
  2 deep elf death magi (Elf:3)
  A fire dragon (D:14)
  3 merfolk javelineers (Shoals:4)
  2 rakshasas (D:15)
  Josephine (Orc:2)
  A great orb of eyes (D:15)
  A vault guard (D:14)
  5 deep elf high priests (Elf:3)
  8 merfolk impalers
  14 hydras
  2 ogre magi (D:15)
  The ghost of hquester the Skirmisher, a novice TrFi of Qazlal (D:8)
  A hell beast (Lair:6)
  8 boulder beetles
  2 catoblepae
  8 centaur warriors
  15 dancing weapons
  4 two-headed ogres
  2 merfolk aquamancers
  3 merfolk avatars
  3 satyrs
  6 death yaks
  2 tengu warriors
  4 orc high priests
  Nergalle (Lair:4)
  5 deep elf knights
  Amaemon (Lair:3)
  16 sea snakes
  13 skeletal warriors
  A glowing orange brain (D:8)
  A lindwurm (Lair:5)
  2 wizards
  7 orc knights
  9 deep elf archers
  27 deep elf pyromancers
  14 harpies
  15 ugly things
  19 deep elf zephyrmancers
  13 fauns
  A wolf spider (D:15)
  7 cyclopes
  8 manticores
  5 orc sorcerers (Orc:2)
  8 black mambas
  2 merfolk sirens
  Maurice (D:8)
  20 elephants
  A moth of wrath (Shoals:1)
  4 water nymphs
  A water nymph (shapeshifter) (D:15)
  A torpor snail (Lair:4)
  15 cane toads
  3 orange demons
  2 unseen horrors
  4 gargoyles
  An unseen horror (shapeshifter) (Elf:2)
  A freezing wraith (D:14)
  An efreet (D:15)
  14 komodo dragons
  2 yaktaurs
  4 kobold demonologists
  6 rime drakes
  2 ice devils (Lair:6)
  A hellwing (Lair:6)
  11 trolls
  2 red devils (Lair:6)
  31 merfolk
  5 polar bears
  6 wind drakes
  A wind drake (shapeshifter) (D:13)
  21 blink frogs
  3 snapping turtles
  Grinder (D:6)
  13 dream sheep
  17 slime creatures
  A blink frog (shapeshifter) (D:13)
  A jumping spider (shapeshifter) (D:15)
  4 shadows
  An air elemental (Elf:1)
  11 water elementals
  A culicivora (shapeshifter) (D:15)
  5 wyverns
  11 wraiths
  96 yaks
  A vampire (D:11)
  6 humans (D:6)
  8 basilisks
  2 neqoxecs (D:8)
  4 fire elementals
  17 vampire mosquitoes
  2 wargs (Orc:2)
  2 acid dragons
  12 water moccasins
  4 hell hounds (Lair:6)
  3 nagas (Lair:4)
  Pargi (D:4)
  2 swamp drakes (shapeshifter)
  A black bear (D:5)
  33 orc warriors
  A sky beast (D:7)
  An ice beast (D:7)
  3 ogres
  3 boggarts (D:14)
  22 wolves
  2 phantoms
  13 centaurs
  6 kobold brigands
  A gnoll sergeant (D:9)
  13 bullfrogs
  A scorpion (D:5)
  A cane toad simulacrum (Lair:1)
  3 earth elementals
  2 necrophages (D:6)
  A hornet simulacrum (D:15)
  4 wights (D:7)
  4 killer bees (D:9)
  An elephant simulacrum (Lair:1)
  3 vampire bats (D:3)
  7 howler monkeys
  2 electric eels
  A lava snake (D:9)
  7 hounds
  13 orc priests
  2 iguanas
  24 orc wizards
  2 polar bear simulacra (Lair:1)
  A boggart simulacrum (D:15)
  9 gnolls
  7 adders
  5 river rats (Sewer)
  An ufetubus (D:4)
  6 worms
  A dart slug (shapeshifter) (D:8)
  2 dart slugs
  83 orcs
  6 bats
  4 bat skeletons (D:3)
  A bat zombie (D:3)
  12 endoplasms
  A giant cockroach (D:1)
  7 goblins
  10 hobgoblins
  2 jackals (D:2)
  55 kobolds
  5 quokkas
  14 ball pythons
  4 frilled lizards
  24 rats
  A spectral orc (D:4)
  2 tentacles (Shoals:3)
1142 creatures vanquished.

Vanquished Creatures (collateral kills)
  An orc priest (D:15)
  An orc wizard (D:15)
2 creatures vanquished.

Vanquished Creatures (others)
  A troll (D:15)
  A boggart (D:14)
  An orc wizard (D:11)
  23 fungi
  86 plants
  2 tentacles (Shoals:3)
114 creatures vanquished.

Grand Total: 1258 creatures vanquished

Notes
Turn   | Place    | Note
-------+----------+-------------------------------------------
     0 | D:1      | Pooter the Minotaur Berserker began the quest for the Orb.
     0 | D:1      | Reached XP level 1. HP: 19/19 MP: 0/0
    61 | D:1      | Reached XP level 2. HP: 9/27 MP: 1/1
    71 | D:1      | HP: 1/27 [goblin/+0 club (2)]
    77 | D:1      | Reached skill level 4 in Fighting
   481 | D:1      | Reached XP level 3. HP: 22/33 MP: 2/2
  1067 | D:2      | Reached skill level 5 in Axes
  1368 | D:2      | Reached XP level 4. HP: 39/41 MP: 3/3
  1392 | D:2      | Reached ** piety under Trog
  2084 | D:3      | Reached XP level 5. HP: 47/47 MP: 4/4
  2148 | D:3      | Reached skill level 5 in Fighting
  2167 | D:3      | Found an opulent altar of Gozag.
  2198 | D:3      | Found a sparkling altar of Nemelex Xobeh.
  2387 | D:3      | Found an ancient bone altar of Kikubaaqudgha.
  2389 | D:3      | Reached skill level 1 in Polearms
  2406 | D:3      | Reached XP level 6. HP: 56/56 MP: 5/5
  2962 | D:3      | Found a faded altar of an unknown god.
  3141 | D:4      | Found a staircase to the Ecumenical Temple.
  3162 | D:4      | Reached *** piety under Trog
  3309 | D:4      | Found a glowing drain.
  3324 | Sewer    | Entered a sewer
  3665 | Sewer    | Reached XP level 7. HP: 62/62 MP: 6/6
  3665 | Sewer    | Reached **** piety under Trog
  3975 | D:4      | Found a hazy altar of Hepliaklqana.
  4067 | D:4      | Found a blossoming altar of Fedhas.
  4295 | D:4      | Noticed Pargi
  4305 | D:4      | Killed Pargi
  4306 | D:4      | Reached skill level 6 in Fighting
  4306 | D:4      | Reached skill level 1 in Crossbows
  4497 | D:5      | Entered Level 5 of the Dungeon
  4873 | D:5      | Found a glowing golden altar of the Shining One.
  4889 | D:5      | Found a bloodstained altar of Trog.
  5241 | D:6      | Reached XP level 8. HP: 67/71 MP: 7/7
  5270 | D:6      | Found a hide-covered altar of Uskayaw.
  5438 | D:6      | Noticed Grinder
  5452 | D:6      | Killed Grinder
  5458 | D:6      | Reached skill level 7 in Fighting
  5481 | D:6      | Found a sacrificial altar of Ru.
  5592 | D:6      | Found a runed translucent door.
  5593 | D:6      | Noticed Crazy Yiuf
  5632 | D:6      | Identified the +8 war axe of the Magi {holy, Stlth+}
  5690 | D:6      | Reached skill level 5 in Crossbows
  5693 | D:6      | Reached skill level 1 in Evocations
  5696 | D:6      | Reached skill level 10 in Axes
  5696 | D:6      | Reached XP level 9. HP: 53/79 MP: 8/8
  6374 | D:7      | Reached skill level 8 in Fighting
  6602 | D:7      | Found Jevyhunua's Jewellery Shoppe.
  6842 | D:7      | You fall into a shaft and drop 3 floors!
  6842 | D:10     | Entered Level 10 of the Dungeon
  6872 | D:9      | Reached XP level 10. HP: 90/90 MP: 9/9
  7691 | D:8      | Noticed Maurice
  7702 | D:8      | Killed Maurice
  7728 | D:8      | Reached skill level 9 in Fighting
  7884 | D:8      | Noticed Gastronok
  7911 | D:8      | Killed Gastronok
  8022 | D:8      | Identified 2 scrolls of acquirement
  8022 | D:8      | Acquired the ring "Syacoxam" {Str+6 Int+3 Dex+2 Slay+3}
  8024 | D:8      | Acquired the +1 hat of Somewhere Else {rElec rN+ Str-2}
  8046 | D:8      | Found Gyen's Specific Store.
  8048 | D:8      | Found Icsateov's General Store.
  8052 | D:8      | Bought a scroll of identify for 30 gold pieces
  8052 | D:8      | Bought a scroll of enchant armour for 112 gold pieces
  8052 | D:8      | Bought a potion of curing for 45 gold pieces
  8052 | D:8      | Bought a scroll of identify for 30 gold pieces
  8244 | D:8      | Found a runed translucent gate.
  8273 | D:8      | Found a runed translucent gate.
  8274 | D:8      | Found a runed translucent gate.
  8275 | D:8      | Noticed a purple ugly thing
  8275 | D:8      | Noticed a purple ugly thing
  8275 | D:8      | Noticed a brown ugly thing
  8276 | D:8      | Noticed a cyan ugly thing
  8276 | D:8      | Noticed a brown ugly thing
  8279 | D:8      | Noticed a glowing orange brain
  8495 | D:9      | Reached XP level 11. HP: 97/97 MP: 10/10
  8734 | D:9      | Reached skill level 10 in Crossbows
  9324 | D:9      | Reached skill level 5 in Evocations
  9332 | D:9      | Found a white marble altar of Elyvilon.
  9488 | D:9      | Found a burning altar of Makhleb.
  9636 | D:10     | Reached skill level 10 in Fighting
  9666 | D:10     | Reached ***** piety under Trog
 10298 | D:10     | Reached skill level 1 in Shields
 10492 | D:10     | Found a staircase to the Lair.
 10890 | Lair:1   | Entered Level 1 of the Lair of Beasts
 10890 | Lair:1   | Noticed a four-headed hydra
 10935 | D:11     | Noticed a four-headed hydra
 10956 | D:10     | Killed a four-headed hydra
 11061 | D:11     | Noticed a boulder beetle
 11073 | D:11     | Killed a boulder beetle
 11178 | D:11     | Noticed a boulder beetle
 11178 | D:11     | Noticed a deep elf pyromancer
 11178 | D:11     | Noticed a five-headed hydra
 11186 | D:11     | Killed a boulder beetle
 11189 | D:11     | Killed a five-headed hydra
 11189 | D:11     | Killed a deep elf pyromancer
 11190 | D:11     | Reached skill level 11 in Fighting
 11190 | D:11     | Reached skill level 15 in Axes
 11190 | D:11     | Reached XP level 12. HP: 100/110 MP: 3/11
 11399 | D:11     | Noticed a two-headed ogre
 11409 | D:10     | Killed a two-headed ogre
 11478 | D:11     | Received a gift from Trog
 11930 | D:11     | Reached skill level 5 in Shields
 11939 | D:11     | Found a staircase to the Orcish Mines.
 12020 | D:11     | Noticed a boulder beetle
 12033 | D:11     | Killed a boulder beetle
 12114 | D:11     | Reached skill level 1 in Throwing
 12279 | Orc:1    | Entered Level 1 of the Orcish Mines
 12458 | Orc:1    | Found Unnohop's Assorted Antiques.
 12483 | Orc:1    | Bought a wand of polymorph (5) for 44 gold pieces
 12483 | Orc:1    | Bought a viscous dark potion for 19 gold pieces
 12483 | Orc:1    | Bought a wand of mindburst (11) for 88 gold pieces
 12483 | Orc:1    | Bought a scroll of identify for 44 gold pieces
 12483 | Orc:1    | Bought a shimmering cloak for 209 gold pieces
 12483 | Orc:1    | Identified the +1 cloak of the Journeyman {Fly Int+6} (You
                  | bought it in a shop on level 1 of the Orcish Mines)
 12677 | Orc:2    | Entered Level 2 of the Orcish Mines
 12712 | Orc:2    | Reached skill level 12 in Fighting
 12728 | Orc:1    | Noticed Josephine
 12728 | Orc:1    | Noticed an orc high priest
 12746 | Orc:2    | Killed Josephine
 13014 | Orc:1    | Killed an orc high priest
 13565 | Orc:2    | Noticed an orc warlord
 13570 | Orc:2    | Killed an orc warlord
 13571 | Orc:2    | Reached XP level 13. HP: 119/119 MP: 10/12
 13938 | Orc:2    | Paralysed by an orc sorcerer for 2 turns
 14504 | Orc:2    | Reached skill level 13 in Fighting
 14504 | Orc:2    | Reached skill level 5 in Throwing
 14625 | Orc:2    | Found Demitwew's Antique Armour Emporium.
 14648 | Orc:2    | Found Risk's Jewellery Emporium.
 14664 | Orc:2    | Found Xogilais's Antique Weapon Emporium.
 14680 | Orc:2    | Found Obut's General Store.
 14688 | Orc:2    | Bought a potion of heal wounds for 70 gold pieces
 14688 | Orc:2    | Bought a potion of heal wounds for 70 gold pieces
 14924 | Orc:2    | Found a staircase to the Elven Halls.
 15384 | Lair:1   | Reached skill level 1 in Stealth
 16160 | Orc:2    | Bought a smoking plate armour for 560 gold pieces
 16160 | Orc:2    | Identified the +1 plate armour of Dramatic Exits {rF+ rN+
                  | Regen+ MP-9} (You bought it in a shop on level 2 of the
                  | Orcish Mines)
 16747 | Lair:2   | Found a staircase to the Shoals.
 16835 | Lair:2   | You are sucked into a shaft and drop 2 floors!
 17146 | Lair:3   | Reached XP level 14. HP: 130/130 MP: 4/13
 17332 | Lair:2   | Reached skill level 5 in Armour
 18065 | Lair:3   | Noticed Amaemon
 18084 | Lair:3   | Killed Amaemon
 18085 | Lair:3   | Reached skill level 5 in Dodging
 18277 | Lair:3   | Reached skill level 14 in Fighting
 18951 | Lair:4   | Found a staircase to the Snake Pit.
 19030 | Lair:4   | Reached skill level 5 in Stealth
 19030 | Lair:4   | Reached XP level 15. HP: 138/138 MP: 5/14
 19116 | Lair:4   | Noticed Nergalle
 19129 | Lair:4   | Killed Nergalle
 19871 | Lair:5   | Found a staircase to the Slime Pits.
 19883 | Lair:5   | Received a gift from Trog
 19968 | Lair:5   | Identified the +1 scale mail of Uniyxkif {*Corrode Int+8
                  | Dex-4}
 20373 | D:8      | Bought a scroll of enchant weapon for 112 gold pieces
 20836 | Lair:6   | Entered Level 6 of the Lair of Beasts
 20867 | Lair:6   | Reached skill level 10 in Evocations
 21169 | Lair:5   | Reached XP level 16. HP: 131/147 MP: 6/15
 22129 | Lair:6   | Reached skill level 15 in Fighting
 23133 | Lair:6   | Received a gift from Trog
 23139 | Lair:6   | Found a burning altar of Makhleb.
 23460 | Lair:6   | Found a gateway to Hell.
 23936 | D:7      | Bought an amulet of reflection for 480 gold pieces
 24257 | D:12     | Found an opulent altar of Gozag.
 24503 | D:12     | Gained mutation: You sometimes lose the ability to read
                  | scrolls when taking damage. [potion of mutation]
 24503 | D:12     | Gained mutation: You have a pair of large horns on your
                  | head. [potion of mutation]
 24504 | D:12     | Lost mutation: You have a pair of large horns on your head.
                  | [potion of mutation]
 24504 | D:12     | Lost mutation: You sometimes lose the ability to read
                  | scrolls when taking damage. [potion of mutation]
 24504 | D:12     | Gained mutation: You tend to lose your temper in combat.
                  | [potion of mutation]
 24504 | D:12     | Gained mutation: Armour fits poorly on your strangely
                  | shaped body. [potion of mutation]
 24504 | D:12     | Gained mutation: You are agile. (Dex +2) [potion of
                  | mutation]
 24505 | D:12     | Lost mutation: Armour fits poorly on your strangely shaped
                  | body. [potion of mutation]
 24505 | D:12     | Lost mutation: You are agile. (Dex +2) [potion of mutation]
 24505 | D:12     | Lost mutation: You tend to lose your temper in combat.
                  | [potion of mutation]
 24505 | D:12     | Gained mutation: You sometimes lose the ability to read
                  | scrolls when taking damage. [potion of mutation]
 24505 | D:12     | Gained mutation: Your spells are a little easier to cast,
                  | but a little less powerful. [potion of mutation]
 24505 | D:12     | Gained mutation: You have sharp toenails. [potion of
                  | mutation]
 24506 | D:12     | Lost mutation: You have sharp toenails. [potion of
                  | mutation]
 24506 | D:12     | Lost mutation: You sometimes lose the ability to read
                  | scrolls when taking damage. [potion of mutation]
 24506 | D:12     | Lost mutation: Your spells are a little easier to cast, but
                  | a little less powerful. [potion of mutation]
 24506 | D:12     | Gained mutation: Your muscles are strong. (Str +2) [potion
                  | of mutation]
 24506 | D:12     | Gained mutation: Your magical capacity is low. (-10% MP)
                  | [potion of mutation]
 24506 | D:12     | Gained mutation: You possess an exceptional clarity of
                  | mind. [potion of mutation]
 25704 | D:14     | Found a gate to the Vaults.
 25943 | D:14     | Reached skill level 10 in Dodging
 26874 | D:15     | Entered Level 15 of the Dungeon
 26928 | D:15     | Found a runed translucent gate.
 26940 | D:15     | Reached skill level 10 in Armour
 26941 | D:15     | Reached skill level 16 in Fighting
 26946 | D:15     | Found a runed translucent gate.
 26946 | D:15     | Found an ancient bone altar of Kikubaaqudgha.
 26946 | D:15     | Found a runed translucent gate.
 27000 | D:15     | Noticed a lich
 27001 | D:15     | Noticed jfcaron's ghost (adept GnAr)
 27002 | D:15     | Noticed a lich
 27002 | D:15     | Noticed a lich
 27004 | D:15     | Noticed a lich
 27125 | D:15     | Found a portal to a secret trove of treasure.
 27370 | D:15     | Reached XP level 17. HP: 154/158 MP: 5/14
 27394 | D:15     | Found a staircase to the Depths.
 28166 | D:8      | Found a runed translucent gate.
 28166 | D:8      | Found a runed translucent gate.
 28222 | D:8      | Found a runed translucent gate.
 28222 | D:8      | Noticed hquester's ghost (novice TrFi)
 28232 | D:8      | Killed hquester's ghost
 28253 | D:8      | Gained mutation: You do not regenerate when monsters are
                  | visible. [mutagenic glow]
 28269 | D:8      | Gained mutation: Armour fits poorly on your strangely
                  | shaped body. [mutagenic glow]
 28585 | Elf:1    | Entered Level 1 of the Elven Halls
 29410 | Elf:1    | Paralysed by an air elemental for 1 turns
 29453 | Elf:1    | Noticed Roxanne
 29467 | Elf:1    | Killed Roxanne
 29514 | Elf:1    | Noticed Nikola
 29528 | Elf:1    | Killed Nikola
 29833 | Elf:1    | Found Leocy's Magic Scroll Boutique.
 29836 | Elf:1    | Bought a scroll of enchant armour for 82 gold pieces
 29836 | Elf:1    | Bought a scroll of poison for 38 gold pieces
 30446 | Elf:2    | Received a gift from Trog
 30534 | Elf:1    | Lost mutation: Armour fits poorly on your strangely shaped
                  | body. [potion of mutation]
 30534 | Elf:1    | Lost mutation: Your magical capacity is low. (-10% MP)
                  | [potion of mutation]
 30534 | Elf:1    | Lost mutation: You do not regenerate when monsters are
                  | visible. [potion of mutation]
 30534 | Elf:1    | Lost mutation: Your muscles are strong. (Str +2) [potion of
                  | mutation]
 30534 | Elf:1    | Gained mutation: You have very sharp teeth. [potion of
                  | mutation]
 30805 | Elf:2    | Reached skill level 10 in Shields
 30857 | Elf:2    | Found a runed translucent gate.
 30858 | Elf:2    | Found a runed translucent gate.
 30858 | Elf:2    | Found a runed translucent gate.
 30937 | Elf:2    | Reached skill level 17 in Fighting
 31164 | Elf:3    | Entered Level 3 of the Elven Halls
 31236 | Elf:3    | Noticed a deep elf master archer
 31241 | Elf:3    | Reached XP level 18. HP: 87/169 MP: 8/17
 31631 | Elf:3    | Reached skill level 10 in Stealth
 32457 | Elf:3    | Identified the +6 mace of Chance {freeze, rN+ rCorr}
 32467 | Elf:3    | Identified the +5 scale mail of the Unbroken {Dex+5}
 32490 | Elf:3    | Identified the +4 hand axe of Yesterday {flame, rPois rN+
                  | Int+3}
 32820 | Elf:3    | Noticed Bai Suzhen
 33210 | Elf:3    | Killed Bai Suzhen
 33499 | Elf:3    | Found the +3 crown of Dyrovepreva {rElec Int+2 SInv}
 33757 | D:7      | Bought the amulet of Xuhojoe {Reflect rF+++ Int-3 Slay+6
                  | SH+5 Stlth+} for 1499 gold pieces
 33911 | Shoals:1 | Entered Level 1 of the Shoals
 34141 | Shoals:1 | Noticed SirDiesAlot's ghost (adept DECj)
 34148 | Shoals:1 | Found a bloodstained altar of Trog.
 34709 | Shoals:1 | Found a transporter.
 34754 | Shoals:1 | Found a transporter.
 34759 | Shoals:1 | Killed SirDiesAlot's ghost
 34835 | Shoals:1 | Reached XP level 19. HP: 178/178 MP: 9/18
 34948 | Shoals:1 | Upgraded the game from 0.29-a0-517-gbdf32494f2 to
                  | 0.29-a0-520-gc852659d43
 35669 | Shoals:2 | Reached skill level 18 in Fighting
 36358 | Shoals:3 | Reached XP level 20. HP: 187/187 MP: 10/19
 36869 | Shoals:3 | Noticed Mara
 36875 | Shoals:3 | Noticed Pooter's illusion
 36880 | Shoals:3 | Killed Mara
 37014 | Shoals:4 | Entered Level 4 of the Shoals
 37226 | Shoals:4 | Killed from afar by a merfolk aquamancer

Illustrated notes

Levels and vault maps discovered:
D:1:      lightli_arrival_maybe_door_vault, layout_basic,
          chequers_serial_rivers_micro_c, kennysheep_decorative_pillar
D:2:      layout_loops_ring
D:3:      layout_loops_ring, mainiacjoe_overflow_surrounded_room,
          kennysheep_vampire_church, mainiacjoe_overflow_brackets,
          shapermc_ecumenical_altar_mp_urbaneastern
D:4:      layout_loops_ring, fedhas_altar_4,
          nicolae_hepliaklqana_monster_ancestors,
          minmay_temple_entry_sparse_star, cheibrodos_sewer_entry_bend,
          uniq_pargi
D:5:      layout_cave_pools, mainiacjoe_overflow_boulevard,
          mainiacjoe_overflow_alcove_1, minmay_misc_feat_cross, minivault_26,
          kennysheep_cross_room
D:6:      layout_rooms, mainiacjoe_overflow_catwalk, nicolae_ru_awakened_eye,
          minmay_ruffians, uniq_grinder, uniq_crazy_yiuf_cottage
D:7:      minmay_chambers_of_fours, layout_cave_pools, serial_shops,
          nicolae_shop_hallway_stairs
D:8:      layout_cave_pools, ploomutoo_gammafunk_ghost_potion_laboratory,
          nicolae_specific_store, uniq_gastronok, uniq_maurice
D:9:      layout_loops_ring, nicolae_overflow_hidden_temple,
          grunt_decor_junction, st_stairs_12
D:10:     layout_loops_corners, lair_entry_dummy, serial_rivers,
          chequers_serial_rivers_room_a, chequers_serial_rivers_room_b,
          chequers_serial_rivers_large_a, chequers_serial_rivers_room_b,
          amethyst_killhole
D:11:     layout_basic, hiddenorc2_lemuel, minmay_joined_circles
D:12:     layout_roguey, grunt_ministairs_5, hangedman_abyss_or_decor_stagger,
          grunt_gozag_breadcrumbs
D:13:     layout_basic
D:14:     layout_small_grid, david_vaults_5
D:15:     gammafunk_enter_depths_forms, layout_irregular_city,
          grunt_decor_clamped, gammafunk_ghost_crypt,
          nicolae_trove_entry_columns, st_stairs_4, minmay_between
Lair:1:   layout_misc_corridors, portal_ice_cave_entry_ice_simulacra
Lair:2:   layout_regular_city, elwin_shoals_entry_rooms
Lair:3:   layout_cave_pods, infiniplex_staircase_pool, grunt_megastairs_3,
          serial_bayou_shore_a, lemuel_fruit_tree, serial_bayou_shore_b,
          uniq_amaemon
Lair:4:   nzn_winding_woodlands_small [nzn_winding_woodlands_5x15_concentric,
          nzn_winding_woodlands_center_lodge,
          nzn_winding_woodlands_5x15_default], layout_cave_shapes,
          guppyfry_snake_entry_island, uniq_nergalle
Lair:5:   layout_gridlike, slime_dummy, lemuel_fruit_fields,
          infiniplex_staircase_pool_2
Lair:6:   evil_forest, layout_gridlike, patterned_corridor
Shoals:1: layout_shoals, gammafunk_ghost_wrathful_warriors
Shoals:2: layout_shoals, nicolae_shoals_shepherds
Shoals:3: layout_shoals, uniq_mara
Shoals:4: shoals_end_grunt_ice, layout_shoals, uniq_donald, uniq_polyphemus
Orc:1:    layout_caves, serial_shops, nicolae_square_shop, uniq_josephine
Orc:2:    grunt_orc_cross, layout_diamond_mine
Elf:1:    minmay_elf_arrival_circle, layout_gridlike, serial_shops,
          nicolae_shop_behind_doors, minmay_elf_crystal_hexagon, uniq_roxanne,
          uniq_nikola
Elf:2:    nicolae_elf_blades_crystal_corner, layout_geoelf_octagon,
          nicolae_elf_blasts_and_bolts
Elf:3:    minmay_elf_hall_furrowed, layout_geoelf_diagonals, st_stairs_9,
          minmay_misc_feat_rows, uniq_bai_suzhen

Skill      XL: |  1  2  3  4  5  6  7  8  9 10 11 12 13 14 15 16 17 18 19 20 |
---------------+-------------------------------------------------------------+-----
Axes           | 4 5 6 7 8 10 11 12 15 16 | 16.5
Fighting       | 4 5 6 7 8 9 11 12 13 14 16 17 18 | 18.3
Polearms       | 1 3 4 |  4.9
Crossbows      | 3 5 7 9 10 | 10.9
Evocations     | 1 3 4 6 7 9 10 11 | 11.7
Shields        | 4 7 8 10 12 13 | 13.3
Throwing       | 3 6 7 8 9 |  9.8
Armour         | 4 6 7 10 11 13 14 | 14.3
Stealth        | 3 5 6 8 9 10 11 | 11.3
Dodging        | 4 7 8 10 11 12 | 12.5

Action                   |  1- 3 |  4- 6 |  7- 9 | 10-12 | 13-15 | 16-18 | 19-21 || total
-------------------------+-------+-------+-------+-------+-------+-------+-------++-------
Melee: Hand axe          |    42 |       |       |       |       |       |       ||    42
       Headbutt          |     8 |    29 |    31 |    87 |   133 |   223 |    48 ||   559
       Quarterstaff      |    37 |     2 |       |       |       |       |       ||    39
       Short sword       |       |    40 |       |       |       |       |       ||    40
       Halberd           |       |   165 |   114 |       |    11 |    33 |       ||   323
       War axe           |       |       |    74 |   400 |   531 |   817 |   164 ||  1986
       Punch             |       |       |       |     2 |     6 |     3 |       ||    11
       Trident           |       |       |       |     8 |       |       |       ||     8
       Great mace        |       |       |       |       |    10 |       |       ||    10
       Bite              |       |       |       |       |       |    45 |    22 ||    67
 Fire: Hand crossbow     |       |       |    23 |    34 |   147 |   394 |   162 ||   760
Throw: Stone             |       |     3 |    10 |       |       |       |       ||    13
       Boomerang         |       |       |       |    12 |     7 |    70 |       ||    89
       Dart              |       |       |       |     1 |    49 |     3 |       ||    53
       Javelin           |       |       |       |       |     6 |       |       ||     6
Invok: Berserk           |     3 |     2 |     5 |    14 |    12 |    19 |     2 ||    57
       Trog's Hand       |       |     2 |     3 |    19 |    17 |    54 |     7 ||   102
       Brothers in Arms  |       |       |       |       |       |     2 |       ||     2
Evoke: Wand              |       |       |       |     2 |       |     5 |       ||     7
  Use: Potion            |     1 |       |       |       |     4 |    11 |     3 ||    19
       Scroll            |     2 |     4 |     6 |    19 |    13 |    14 |     2 ||    60
 Stab: Distracted        |       |       |       |     1 |       |       |       ||     1
       Invisible         |       |       |       |       |       |    12 |       ||    12
Armor: Animal skin       |     5 |       |       |       |       |       |       ||     5
       Ring mail         |    18 |    11 |       |       |       |       |       ||    29
       Chain mail        |       |    22 |       |       |       |       |       ||    22
       Plate armour      |       |    63 |   148 |   243 |   357 |   316 |    89 ||  1216
Dodge: Dodged            |    60 |    86 |    64 |    98 |   241 |   274 |    92 ||   915
Block: Kite shield       |       |       |       |   145 |    72 |   526 |   215 ||   958
       Reflection        |       |       |       |       |       |    83 |    38 ||   121
       Other             |       |       |       |       |       |     7 |       ||     7

Table legend: (Time is in decaauts)
 A = Elapsed time spent in this place.
 B = Non-inter-level travel time spent in this place.
 C = Inter-level travel time spent in this place.
 D = Time resting spent in this place.
 E = Time spent auto-exploring this place.
 F = Levels seen in this place.
 G = Mean time per level.
                   A        B        C        D        E       F      G
               +--------+--------+--------+--------+--------+-----+--------+
         Total |  37641 |  34928 |   2713 |   8520 |  18135 |  31 | 1214.2 |
       Dungeon |  17771 |  15917 |   1854 |   3060 |   9485 |  15 | 1184.7 |
          Lair |   7831 |   7392 |    439 |   1870 |   3853 |   6 | 1305.2 |
        Shoals |   3318 |   3284 |     34 |    472 |   1946 |   4 |  829.5 |
  Orcish Mines |   3297 |   3042 |    255 |   1262 |    785 |   2 | 1648.5 |
   Elven Halls |   4808 |   4680 |    128 |   1853 |   1652 |   3 | 1602.7 |
         Sewer |    613 |    613 |      0 |      0 |    414 |   1 |  613.0 |
               +--------+--------+--------+--------+--------+-----+--------+

Top non-repeatable levels by time:
  Lair:6: 2766 daAuts
    D:10: 2391 daAuts
   Orc:2: 2067 daAuts
   Elf:1: 1642 daAuts
   Elf:3: 1601 daAuts
   Elf:2: 1565 daAuts
    D:11: 1453 daAuts
     D:8: 1446 daAuts
    D:14: 1420 daAuts
     D:9: 1406 daAuts
     D:7: 1282 daAuts
  Lair:3: 1254 daAuts
   Orc:1: 1230 daAuts
Shoals:2: 1164 daAuts
    D:15: 1088 daAuts
